 Dungeon Crawl Stone Soup version 0.30-a0-1116-gebefce21f7 (webtiles) character file.

Game seed: 17277605479879142702

652 Jeffwins the Caller (level 7, -14/54 HPs)
             Began as a Human Wanderer on Apr 21, 2023.
             Was a Follower of Vehumet.
             Demolished by an ogre
             ... wielding a +0 giant club
              (31 damage)
             ... on level 5 of the Dungeon.
             The game lasted 00:09:40 (4298 turns).

Jeffwins the Caller (Human Wanderer)                Turns: 4298, Time: 00:09:41

Health: -14/54     AC:  3    Str: 15    XL:     7   Next: 84%
Magic:  9/12       EV: 11    Int: 14    God:    Vehumet [*.....]
Gold:   148        SH:  5    Dex: 10    Spells: 7/13 levels left

rFire   . . .      SeeInvis .    a - +1 trident (venom)
rCold   . . .      Faith    .    (no shield)
rNeg    . . .      Spirit   .    c - +0 leather armour
rPois   .          Reflect  +    (no helmet)
rElec   .          Rampage  .    (no cloak)
rCorr   .                        (no gloves)
Will    .....                    (no boots)
Stlth   ++                       A - amulet of reflection
HPRegen 0.29/turn                Z - ring of wizardry
MPRegen 0.13/turn                (no ring)

@: no status effects
A: no striking features
a: Renounce Religion


You were on level 5 of the Dungeon.
You worshipped Vehumet.
Vehumet was aware of your devotion.
You visited 1 branch of the dungeon, and saw 5 of its levels.

You collected 148 gold pieces.


   Skills:
 + Level 4.1 Fighting
 - Level 3.0 Maces & Flails
 * Level 3.0 Polearms
 + Level 2.5 Stealth
 * Level 3.9 Spellcasting
 * Level 4.7 Summonings
 * Level 1.1 Fire Magic
 + Level 0.7 Evocations


You had 7 spell levels left.
You knew the following spells:

 Your Spells              Type           Power      Damage    Failure   Level
c - Call Canine Familiar  Summ           16%        N/A       4%          3
x - Scorch                Fire           10%        2d5       9%          2
z - Summon Small Mammal   Summ           64%        N/A       1%          1

Your spell library contained the following spells:

 Spells                   Type           Power      Damage    Failure   Level
 Freeze                   Ice            8%         1d3       10%         1
 Apportation              Tloc           4%         N/A       10%         1
 Magic Dart               Conj           8%         1d3       10%         1
 Searing Ray              Conj           4%         2d4       16%         2
 Sublimation of Blood     Necr           2%         N/A       16%         2
 Animate Armour           Summ/Erth      18%        N/A       32%         4
 Flame Wave               Conj/Fire      4%         2d5       56%         4
 Fulminant Prism          Conj/Hex       1%         3d5       65%         4
 Petrify                  Tmut/Erth      2%         N/A       65%         4
 Summon Cactus Giant      Summ           8%         N/A       87%         6
 Alistair's Intoxication  Tmut/Pois      1%         N/A       92%         5
 Irradiate                Conj/Tmut      1%         3d12      92%         5

Inventory:

Hand Weapons
 a - a +1 trident of venom (weapon)
 k - a +3 whip
 n - a +1 mace
Armour
 c - a +0 leather armour (worn)
Jewellery
 A - an amulet of reflection (around neck)
 Z - a ring of wizardry (left hand)
Wands
 v - a wand of mindburst (11)
Scrolls
 b - 2 scrolls of blinking
 d - 5 scrolls of identify {unknown}
 e - 2 scrolls of magic mapping {unknown}
 g - 4 scrolls of teleportation {unknown}
 i - a scroll of noise {unknown}
 p - 3 scrolls of amnesia {unknown}
 r - a scroll of vulnerability {unknown}
 s - a scroll of torment {unknown}
 w - 4 scrolls of immolation {unknown}
 y - a scroll of acquirement {unknown}
 z - a scroll of fog {unknown}
Potions
 f - a potion of cancellation {unknown}
 h - a potion of degeneration {unknown}
 j - 2 potions of flight {unknown}
 l - 2 potions of mutation {unknown}
 m - 3 potions of curing {unknown}
 o - a potion of brilliance {unknown}
 q - 3 potions of attraction {unknown}
 t - a potion of might {unknown}
 u - a potion of resistance {unknown}
 x - a potion of magic {unknown}

Dungeon Overview and Level Annotations

Branches:
Dungeon (5/15)             Temple (0/1) D:5

Altars:
Makhleb
Vehumet
Yredelemnul

Annotations:
D:5 1 transporter

.# ... # .. ... .#.#.
#.. ...#..#.#
......#.##.#.▒▒▒▒▒▒▒▒▒
........##.#.▒8P▒~~~~~
#..o.#.##...▒..▒..~~~
##.....Oh...©▒©/+..P⌠~
.......@###..▒..▒..~~~
##........##.▒8P▒~~~~~
#........##.▒▒▒▒▒▒▒▒▒
#.........#..........
#..##........########
<... #....###.### #
##. #....# #...# # #
#....#####.###### #
......##.........# #


You could see an ogre (poisoned, ally target), an orc and a friendly hound
(summoned).


Message History

Your hound bites the howler monkey.
The howler monkey dies!
Vehumet accepts your kill.
An orc comes into view. It is wielding a +0 flail.
Your hound bites the ogre.
You block the ogre's attack.
Your Polearms skill increases to level 3!
Reach: a) +1 trident (venom)
Press: ? - help, Dir - move target, f/p - ogre
Aim: an ogre, wielding a +0 giant club (lightly wounded, poisoned, ally target, about 26% to evade your +1 trident of venom)
You barely miss the ogre.
The ogre is lightly wounded.
Your hound bites the ogre.
Unknown command.
Reach: a) +1 trident (venom)
Press: ? - help, Dir - move target, f/p - ogre
Aim: an ogre, wielding a +0 giant club (moderately wounded, poisoned, ally target, about 26% to evade your +1 trident of venom)
You completely miss the ogre. You punch the ogre.
The ogre is heavily wounded.
Your hound bites the ogre.
The ogre hits you with a +0 giant club!!
Ouch! That really hurt!
* * * LOW HITPOINT WARNING * * *
Your hound barely misses the ogre.
Aiming: Mindburst
Press: ? - help, Shift-Dir - straight line, f/p - ogre
Aim: an ogre, wielding a +0 giant club (severely wounded, poisoned, ally target, chance to affect: 67%)
The ogre struggles to resist.
Your hound barely misses the ogre.
The ogre hits you with a +0 giant club!!
Ouch! That really hurt!
You die...

Skill      XL: |  1  2  3  4  5  6  7 |
---------------+----------------------+-----
Stealth        | 1 2 |  2.5
Polearms       | 1 2 3 |  3.0
Maces & Flails | 3 |  3.0
Spellcasting   | 3 |  3.9
Summonings     | 4 |  4.7
Fighting       | 4 |  4.1
Fire Magic     | 1 |  1.1
Evocations     | |  0.7

Action                     |  1- 3 |  4- 6 |  7- 9 || total
---------------------------+-------+-------+-------++-------
  Melee: Mace              |    39 |       |       ||    39
         Whip              |    31 |       |       ||    31
         Trident           |    10 |   123 |    69 ||   202
         Punch             |       |       |     2 ||     2
   Cast: Summon Small Mamm |    11 |     4 |       ||    15
         Call Canine Famil |     1 |     3 |     3 ||     7
         Scorch            |       |       |     7 ||     7
  Evoke: Wand              |       |       |     1 ||     1
   Stab: Sleeping          |     2 |     2 |     3 ||     7
 Armour: Leather armour    |    24 |    35 |     5 ||    64
  Dodge: Dodged            |    35 |    60 |    18 ||   113
  Block: Other             |       |       |     8 ||     8
         Reflection        |       |       |     1 ||     1

Levels and vault maps discovered:
D:1:      evilmike_arrival_plus, layout_basic
D:2:      layout_loops_ring, basic_altar, basic_ecumenical_altar
D:3:      layout_basic, yredelemnul_altar_generic, serial_corexii_hall,
          corexii_hall_statues_i, corexii_hall_statues_t
D:4:      layout_basic, grunt_temple_overflow_lords_of_destruction
D:5:      gammafunk_steamed_eel, layout_basic,
          mainiacjoe_overflow_six_doors_small, minmay_temple_entry_overgrown

Notes
Turn   | Place    | Note
-------+----------+-------------------------------------------
     0 | D:1      | Jeffwins the Human Wanderer began the quest for the Orb.
     0 | D:1      | Jeffwins set off with the following items: a +1 mace, a
                  | scroll of blinking, a +0 leather armour; and the following
                  | spell memorised: Summon Small Mammal; and the following
                  | spells available to memorise: Call Canine Familiar, Animate
                  | Armour.
     0 | D:1      | Reached XP level 1. HP: 18/18 MP: 3/3
    64 | D:1      | Reached XP level 2. HP: 20/24 MP: 5/5
   425 | D:1      | Reached XP level 3. HP: 11/29 MP: 0/6
   575 | D:1      | Learned a level 3 spell: Call Canine Familiar
   834 | D:1      | Reached skill level 1 in Stealth
   979 | D:2      | Found a faded altar of an unknown god.
  1039 | D:2      | Found a radiant altar of Vehumet.
  1064 | D:2      | Became a worshipper of Vehumet
  1128 | D:2      | Reached XP level 4. HP: 25/35 MP: 7/7
  1529 | D:2      | Reached XP level 5. HP: 33/41 MP: 5/9
  1655 | D:2      | Reached * piety under Vehumet
  1655 | D:2      | Offered knowledge of Shock by Vehumet.
  1871 | D:3      | Reached skill level 1 in Polearms
  1932 | D:3      | Reached skill level 3 in Maces & Flails
  2195 | D:3      | Reached skill level 3 in Spellcasting
  2391 | D:3      | Found a basalt altar of Yredelemnul.
  2396 | D:3      | Reached XP level 6. HP: 40/47 MP: 10/10
  2870 | D:4      | Reached skill level 4 in Summonings
  2954 | D:4      | Reached skill level 2 in Polearms
  3088 | D:4      | Noticed a black bear
  3095 | D:4      | Killed a black bear
  3096 | D:4      | Reached skill level 2 in Stealth
  3096 | D:4      | Reached XP level 7. HP: 53/53 MP: 8/12
  3696 | D:4      | Found a burning altar of Makhleb.
  3697 | D:4      | Found a radiant altar of Vehumet.
  3911 | D:5      | Entered Level 5 of the Dungeon
  3918 | D:5      | Learned a level 2 spell: Scorch
  3918 | D:5      | Found a staircase to the Ecumenical Temple.
  4038 | D:5      | Reached skill level 4 in Fighting
  4189 | D:5      | Offered knowledge of Freeze by Vehumet.
  4196 | D:5      | Reached skill level 1 in Fire Magic
  4274 | D:5      | Found a transporter.
  4296 | D:5      | Reached skill level 3 in Polearms
  4298 | D:5      | Demolished by an ogre

Vanquished Creatures
  An ice beast (D:5)
  A phantom (D:4)
  A crimson imp (D:4)
  A jelly (D:5)
  2 hounds
  An orc wizard (D:3)
  3 gnolls
  3 adders
  5 worms
  4 dart slugs
  8 orcs
  10 ball pythons
  5 bats
  6 endoplasms
  3 giant cockroaches
  7 goblins
  5 hobgoblins
  2 jackals (D:2)
  5 kobolds
  5 quokkas
  5 frilled lizards
  5 rats
88 creatures vanquished.

Vanquished Creatures (collateral kills)
  A black bear (D:4)
  A howler monkey (D:5)
  A sleepcap (D:4)
  A gnoll (D:2)
  An orc (D:2)
  A bat (D:3)
6 creatures vanquished.

Grand Total: 94 creatures vanquished

Table legend: (Time is in decaauts)
 A = Elapsed time spent in this place.
 B = Non-inter-level travel time spent in this place.
 C = Inter-level travel time spent in this place.
 D = Time resting spent in this place.
 E = Time spent auto-exploring this place.
 F = Levels seen in this place.
 G = Mean time per level.
                   A        B        C        D        E       F      G
               +--------+--------+--------+--------+--------+-----+--------+
         Total |   4354 |   4240 |    114 |    211 |   3168 |   5 |  870.8 |
       Dungeon |   4354 |   4240 |    114 |    211 |   3168 |   5 |  870.8 |
               +--------+--------+--------+--------+--------+-----+--------+

Top non-repeatable levels by time:
     D:4: 1073 daAuts
     D:3: 1018 daAuts
     D:1: 989 daAuts
     D:2: 884 daAuts
     D:5: 389 daAuts

Table legend:
 A = Non-vault XP
 B = Vault XP
 C = Vault XP percentage of total XP
 D = Non-vault monster count
 E = Vault monster count
 F = Vault count percentage of total count
                 A         B        C        D         E       F
            +---------+---------+-------+---------+---------+-------
      Total |     884 |      48 |   5.2 |      93 |       1 |   1.1
            +---------+---------+-------+---------+---------+-------
        D:1 |      60 |       0 |   0.0 |      24 |       0 |   0.0
        D:2 |     109 |       0 |   0.0 |      29 |       0 |   0.0
        D:3 |     104 |       0 |   0.0 |      20 |       0 |   0.0
        D:4 |     338 |      48 |  12.4 |      14 |       1 |   6.7
        D:5 |     273 |       0 |   0.0 |       6 |       0 |   0.0
            +---------+---------+-------+---------+---------+-------
